 Dungeon Crawl Stone Soup version 0.28-b1-25-g9875b3fc8c (webtiles) character file.

Game seed: 17062669937791181325

46 hawla the Firebug (level 3, -2/19 (20) HPs)
             Began as a Deep Elf Fire Elementalist on Feb 2, 2022.
             Succumbed to a goblin's poison
             ... on level 2 of the Dungeon.
             The game lasted 00:05:20 (1111 turns).

hawla the Firebug (Deep Elf Fire Elementalist)      Turns: 1111, Time: 00:05:21

HP:   -2/19 (20)    AC:  4    Str:  4 (7)  XL:     3   Next: 44%
MP:   4/10          EV: 12    Int: 16 (19) God:
Gold: 53            SH:  0    Dex: 12 (15) Spells: 6/9 levels left

rFire   + . .      SeeInvis .   g - +1 dagger (drain)
rCold   . . .      Faith    .   (no shield)
rNeg    . . .      Spirit   .   f - +2 robe {rF+}
rPois   .          Reflect  .   (no helmet)
rElec   .          Harm     .   (no cloak)
rCorr   .          Rampage  .   (no gloves)
Will    .....                   (no boots)
Stlth   ++........              b - amulet of the acrobat
HPRegen 0.06/turn               (no ring)
MPRegen 0.12/turn               (no ring)

@: lethally poisoned (-2 -> -30), drained
A: no striking features
a: no special abilities


You were on level 2 of the Dungeon.
You visited 1 branch of the dungeon, and saw 2 of its levels.

You collected 53 gold pieces.

Inventory:

Hand Weapons
 g - a +1 dagger of draining (weapon)
Armour
 f - a +2 robe of fire resistance (worn)
Jewellery
 b - an amulet of the acrobat (around neck)
Scrolls
 a - a scroll of identify
 e - a scroll of magic mapping {unknown}
Potions
 d - a potion of heal wounds
 h - a potion of lignification {unknown}


   Skills:
 + Level 0.7 Fighting
 + Level 2.8 Dodging
 - Level 3.0 Stealth
 + Level 3.5 Spellcasting
 + Level 1.8 Conjurations
 + Level 0.2 Necromancy
 + Level 3.6 Fire Magic


You had 6 spell levels left.
You knew the following spells:

 Your Spells              Type           Power      Damage    Failure   Level
a - Foxfire               Conj/Fire      44%        2x1d6     6%          1
b - Scorch                Fire           28%        2d6       6%          2

Your spell library contained the following spells:

 Spells                   Type           Power      Damage    Failure   Level
 Conjure Flame            Conj/Fire      11%        6-21      17%         3
 Static Discharge         Conj/Air       5%         N/A       19%         2
 Inner Flame              Hex/Fire       8%         N/A       26%         3
 Flame Wave               Conj/Fire      11%        2d5       50%         4
 Sticky Flame             Conj/Fire      11%        2d3       50%         4
 Dispel Undead            Necr           3%         3d7       85%         4
 Summon Lightning Spire   Summ/Air       2%         N/A       87%         4
 Storm Form               Tmut/Air       1%         N/A       100%        7
 Maxwell's Capacitive Co  Air            1%         ∞         100%        8


Dungeon Overview and Level Annotations

Branches:
Dungeon (2/15)

Altars:

Annotations:
D:2 Robin


Message History

The foxfire hits the hobgoblin.
The hobgoblin is severely wounded.
The foxfire hits the hobgoblin.
You kill the hobgoblin!
The goblin unwields a +2 dagger of venom.
It stops dripping with poison.
The goblin wields a +0 hunting sling.
The goblin shoots a stone.
The stone hits you but does no damage. Robin throws the goblin at you!
The goblin barely misses you.
Casting: Scorch (safe; 4% risk of failure)
Confirm with . or Enter, or press ? or * to list all spells.
Flames lash the goblin.
You kill the goblin!
The goblin hits you with a +0 club. Robin throws the goblin at you!
Unknown command.
Casting: Scorch (safe; 4% risk of failure)
Confirm with . or Enter, or press ? or * to list all spells.
You conjure some foxfire!
The foxfire hits the rat.
You kill the rat!
The goblin unwields a +0 hunting sling.
The goblin wields a +2 dagger of venom.
It begins to drip with poison!
The goblin hits you with a +2 dagger of venom.
You are lethally poisoned!
The goblin hits you but does no damage. The goblin closely misses you.
Robin throws the goblin at you! The goblin closely misses you.
A frilled lizard comes into view.
It was a potion of degeneration.
There was something very wrong with that liquid.
You feel weakened.
You feel dopey.
You feel clumsy.
You feel very sick.
The foxfire hits the goblin.
The goblin is moderately wounded.
The goblin hits you but does no damage. x2; The goblin closely misses you.
The goblin hits you with a +2 dagger of venom.
* * * LOW HITPOINT WARNING * * *
You are more poisoned.
The goblin hits you with a +0 club.
* * * LOW HITPOINT WARNING * * *
As you read the scroll labelled LUETUP NESYNU, it crumbles to dust.
It is a scroll of identify.
d - a potion of heal wounds You die...

...............#
............l...
..[..............
.................
...........g...... ..
.........†.g....... ... .
........gg)g.......##.# .
....!...g@g.....##....###.
###.....gg.†....##.#......
................##.#......
.....##..........#..>.....
.... #..........##...(...
... ##...................
. #....................
#....................
#...........<........


You could see Robin, 2 hobgoblins, 6 goblins and a frilled lizard (wandering).

Vanquished Creatures
  A dart slug (D:1)
  6 ball pythons
  4 endoplasms
  4 giant cockroaches (D:1)
  4 goblins
  3 hobgoblins
  3 jackals (D:1)
  5 kobolds
  2 bats (D:1)
  A frilled lizard (D:1)
  7 rats
40 creatures vanquished.

Vanquished Creatures (others)
  78 foxfires
78 creatures vanquished.

Grand Total: 118 creatures vanquished

Notes
Turn   | Place    | Note
-------+----------+-------------------------------------------
     0 | D:1      | hawla the Deep Elf Fire Elementalist began the quest for
                  | the Orb.
     0 | D:1      | Reached XP level 1. HP: 10/10 MP: 6/6
   213 | D:1      | Reached XP level 2. HP: 12/15 MP: 5/8
   216 | D:1      | Learned a level 2 spell: Scorch
   530 | D:1      | Reached XP level 3. HP: 9/20 MP: 2/9
  1103 | D:2      | Noticed Robin
  1111 | D:2      | Succumbed to a goblin's poison

Illustrated notes

Levels and vault maps discovered:
D:1:      minmay_arrival_jagged, layout_basic, hangedman_decor_peaks_small,
          minmay_misc_feat_doors
D:2:      layout_basic, ebering_ecumenical_altar_petrified, uniq_robin

Skill      XL: |  1  2 |
---------------+-------+-----
Stealth        | 3 |  3.0
Fighting       | |  0.7
Dodging        | |  2.8
Spellcasting   | |  3.5
Conjurations   | |  1.8
Necromancy     | |  0.2
Fire Magic     | |  3.6

Action                   || total
-------------------------++-------
 Cast: Foxfire           ||    46
       Scorch            ||     7
  Use: Scroll            ||     1
       Potion            ||     1
Armor: Robe              ||     9
Dodge: Dodged            ||    24
